 Dungeon Crawl Stone Soup version 0.19.0-24-gb05acd6 (webtiles) character file.

4807 HAWKINGL3623 the Spear-Bearer (level 10, -3/124 HPs)
             Began as a Demonspawn Gladiator on Nov 21, 2016.
             Slain by a komodo dragon (11 damage)
             ... on level 1 of the Lair of Beasts on Nov 22, 2016.
             The game lasted 00:53:40 (8457 turns).

HAWKINGL3623 the Spear-Bearer (DsGl)                Turns: 8457, Time: 00:53:41

Health: -3/124     AC: 27    Str: 15 (17) XL:     10   Next: 24%
Magic:  0/12       EV:  2    Int:  7 (10) God:    Xom [...*..]
Gold:   460        SH:  0    Dex: 18      Spells: 2 memorised, 8 levels left

rFire  . . .     SeeInvis .     z - +3 spear (venom)
rCold  . . .     Gourm    .     (armour currently unavailable)
rNeg   + + +     Faith    .     (no shield)
rPois  +         Spirit   +     (helmet currently unavailable)
rElec  .         Reflect  .     (cloak currently unavailable)
rCorr  .         Harm     .     (gloves currently unavailable)
MR     .....     NoTele   +     (boots currently unavailable)
Stlth  +++.......               k - amulet of regeneration
                                c - +2 ring of protection
                                i - +3 ring of dexterity

@: tree-form
A: (antennae 0), (slimy green scales 0), blurry vision 2, (deformed body), high
mp 1, mutation resistance 1, robust 1, (spiny 0), magic shield, subdued magic 1
a: Renounce Religion


You were on level 1 of the Lair of Beasts.
You worshipped Xom.
You were a favourite toy of Xom.
You were not hungry.
You were a tree.
You visited 3 branches of the dungeon, and saw 10 of its levels.

You collected 460 gold pieces.

Inventory:

Hand Weapons
 z - a +3 spear of venom (weapon)
Missiles
 d - 2 throwing nets (quivered)
 e - 322 stones
 E - 3 tomahawks
Armour
 m - a +0 pair of gloves (melded)
 F - a +0 troll leather armour (melded)
Jewellery
 c - a +2 ring of protection (right branch)
 i - a +3 ring of dexterity (left branch)
 j - an uncursed ring of protection from fire
 k - an amulet of regeneration (around neck)
 l - an uncursed ring of see invisible
 q - an uncursed amulet of rage
Wands
 b - a wand of lightning (7/15)
 p - a wand of polymorph (8/24)
 t - a wand of lightning (13/15)
 x - a wand of digging (6/24)
 B - a wand of acid (3/15)
 D - a wand of enslavement (13/24)
 G - a wand of random effects (29/48)
 H - a wand of polymorph (12/24)
Scrolls
 a - 3 scrolls of recharging
 o - 2 scrolls of immolation
 s - 7 scrolls of remove curse
 u - a scroll of amnesia
 C - a scroll of blinking
Potions
 h - 4 potions of curing
 n - a potion of lignification
 r - a potion of haste
 A - a potion of flight
 I - a potion of might
Books
 w - a book of Frost

   Spells                             Type                      Level
   a - Freeze                         Ice                          1
   b - Throw Frost                    Conjuration/Ice              2
   c - Ozocubu's Armour               Charms/Ice                   3
   d - Throw Icicle                   Conjuration/Ice              4
   e - Summon Ice Beast               Ice/Summoning                4
 y - a book of Callings

   Spells                             Type                      Level
   a - Summon Small Mammal            Summoning                    1
   b - Call Imp                       Summoning                    2
   c - Call Canine Familiar           Summoning                    3
   d - Summon Guardian Golem          Hexes/Summoning              3
   e - Summon Lightning Spire         Summoning/Air                4
   f - Summon Ice Beast               Ice/Summoning                4
Comestibles
 f - 3 bread rations
 g - 4 beef jerkies
 v - 9 meat rations


   Skills:
 + Level 5.9 Fighting
 + Level 8.7 Polearms
 + Level 3.8 Throwing
 + Level 5.0 Armour
 + Level 5.8 Dodging
 + Level 5.2 Stealth
 + Level 0.6 Spellcasting
 + Level 0.3 Ice Magic
 + Level 2.2 Evocations


You had 8 spell levels left.
You knew the following spells:

 Your Spells              Type           Power        Failure   Level  Hunger
a - Summon Small Mammal   Summ           #...         43%         1    ##.....
b - Freeze                Ice            #...         34%         1    ##.....


Dungeon Overview and Level Annotations

Branches:
Dungeon (8/15)             Temple (1/1) D:5            Lair (1/6) D:8

Altars:
Ashenzari
Cheibriados
Dithmenos
Elyvilon
Fedhas
Gozag
Hepliaklqana
Kikubaaqudgha
Makhleb
Nemelex Xobeh
Okawaru
Qazlal
Ru
Sif Muna
Trog
Uskayaw
Vehumet
Xom
Yredelemnul
Zin
The Shining One

Shops:
D:4 (


Innate Abilities, Weirdness & Mutations

((You are mostly covered in slimy green scales. (AC +3)))
((You are partially covered in sharp spines.))
When hurt, damage is shared between your health and your magic reserves.
((You have a pair of antennae on your head.))
Scrolls take you longer to read.
((Armour fits poorly on your strangely shaped body.))
You have an increased reservoir of magic. (+10% MP)
You are somewhat resistant to further mutation.
You are robust. (+10% HP)
Your spells are a little easier to cast, but a little less powerful.


Message History

The komodo dragon is severely wounded.
The komodo dragon bites you but does no damage.
You hit the komodo dragon.
The komodo dragon looks as sick as possible!
The komodo dragon is severely wounded.
The komodo dragon bites you!
* * * LOW HITPOINT WARNING * * *
The komodo dragon bites you but does no damage.
You closely miss the komodo dragon.
The komodo dragon is severely wounded.
The komodo dragon bites you but does no damage.
You hit the komodo dragon.
The komodo dragon is almost dead.
The komodo dragon bites you but does no damage.
You hit the komodo dragon but do no damage.
The komodo dragon looks as sick as possible!
The komodo dragon is almost dead.
The komodo dragon bites you!
You die...
Xom titters!

****,#.....###..# #..## #..P##
*,,,,#.....##P..# #P.# #..P#.
**,.##..........#####.### #.....
*,,.....##.#...≈.≈≈.....# #.....
**,,*#§.≈#...≈≈≈≈≈≈..)..# *,,,,,
*,,##§.≈#..≈≈≈≈≈≈≈≈≈...#***,,,,,
*,,#..#≈P.≈≈≈≈≈≈≈≈≈≈≈..#*,*,*,*,
*,,##.###.≈≈≈≈≈..≈≈≈.#.....,,***
*,,*#.....≈≈≈≈l♣≈≈≈≈≈.#####*** *
*,,*#P...≈.≈≈≈l≈≈≈≈≈.## *
*,,*##....≈≈≈≈≈≈≈≈≈≈.#
*,,**#...#.≈≈≈≈≈≈≈≈≈.#
*,,*,#.......≈≈≈≈≈..## *
**,,,..........≈≈≈..## *
*,,,...........###### *
***####.#.#..### ######.# ***


You could see 2 komodo dragons.

Vanquished Creatures
  A hill giant (D:6)
  A yaktaur (D:7)
  A troll (D:8)
  A hungry ghost (D:7)
  Grum (D:8)
  A water moccasin (D:7)
  2 orc warriors
  A sky beast (D:8)
  4 ogres
  3 phantoms
  A necrophage (D:6)
  2 wolves (D:8)
  2 centaurs
  A crocodile (Lair:1)
  3 bullfrogs
  2 scorpions
  A killer bee (D:5)
  5 wights (D:7)
  A vampire bat (D:4)
  A quasit (D:8)
  An orc priest (D:6)
  5 hounds
  3 gnoll shamans
  2 jellies (D:5)
  7 orc wizards
  2 iguanas
  7 worker ants
  A hound zombie (D:6)
  A howler monkey skeleton (D:8)
  15 adders
  20 gnolls
  A shadow imp (D:5)
  An ooze (D:4)
  An adder skeleton (D:5)
  An adder zombie (D:6)
  3 worms
  2 dart slugs
  3 fire bats (D:4)
  7 leopard geckos
  19 orcs
  2 spectral bats (D:4)
  A ball python (D:6)
  3 bat skeletons (D:4)
  A bat zombie (D:4)
  7 giant cockroaches
  4 goblins
  9 hobgoblins
  7 jackals
  3 quokkas
  21 bats
  A bat simulacrum (D:4)
  3 frilled lizards (D:1)
  A giant cockroach zombie (D:6)
  5 kobolds
  10 rats
215 creatures vanquished.

Vanquished Creatures (collateral kills)
  2 orc warriors
  An orc priest (D:6)
  2 orc wizards (D:6)
  4 orcs
9 creatures vanquished.

Vanquished Creatures (others)
  2 orc wizards (D:6)
2 creatures vanquished.

Grand Total: 226 creatures vanquished

Notes
Turn   | Place    | Note
-------+----------+-------------------------------------------
     0 | D:1      | HAWKINGL3623 the Demonspawn Gladiator began the quest for the Orb.
     0 | D:1      | Reached XP level 1. HP: 16/16 MP: 1/1
   441 | D:1      | Gained mutation: You are partially covered in slimy green scales. (AC +2) [demonic ancestry]
   441 | D:1      | Reached XP level 2. HP: 22/22 MP: 2/2
   610 | D:1      | Gained mutation: You are frail. (-10% HP) [potion of mutation]
   610 | D:1      | Gained mutation: You have a pair of small antennae on your head. [potion of mutation]
   610 | D:1      | Lost mutation: You are frail. (-10% HP) [potion of mutation]
   788 | D:1      | Reached skill level 3 in Polearms
   858 | D:1      | Found a shimmering altar of Xom.
   860 | D:1      | Gained mutation: When hurt, damage is shared between your health and your magic reserves. [demonic ancestry]
   860 | D:1      | Reached XP level 3. HP: 27/27 MP: 3/3
   861 | D:1      | Found an iron altar of Okawaru.
   861 | D:1      | Found a stormy altar of Qazlal.
   863 | D:1      | Found an opulent altar of Gozag.
   863 | D:1      | Found a snail-covered altar of Cheibriados.
   863 | D:1      | Found a deep blue altar of Sif Muna.
   867 | D:1      | Became a worshipper of Xom of Chaos
  1036 | D:2      | XOM: harmless Necr miscast
  1165 | D:2      | Reached skill level 1 in Armour
  1350 | D:2      | Gained mutation: You are mostly covered in slimy green scales. (AC +3) [demonic ancestry]
  1350 | D:2      | Reached XP level 4. HP: 34/34 MP: 4/4
  1602 | D:2      | XOM: give mutation
  1602 | D:2      | Gained mutation: Armour fits poorly on your strangely shaped body. [Xom's mischief]
  1846 | D:3      | XOM: noise
  1932 | D:3      | XOM: harmless Erth miscast
  1976 | D:3      | XOM: scenery: 1 doors open
  1981 | D:3      | XOM is BORED!
  1981 | D:3      | XOM: give mutations
  1981 | D:3      | Gained mutation: You are frail. (-10% HP) [Xom's mischief]
  1981 | D:3      | Gained mutation: Scrolls take you a little longer to read. [Xom's mischief]
  2048 | D:3      | XOM: 1-stop teleportation journey
  2074 | D:3      | XOM: noise
  2081 | D:3      | XOM: mild Pois miscast
  2094 | D:3      | XOM: smoke on damage
  2169 | D:3      | XOM: harmless Pois miscast
  2467 | D:3      | Reached XP level 5. HP: 35/35 MP: 5/5
  2735 | D:4      | XOM: swap monsters
  2748 | D:4      | Reached skill level 4 in Polearms
  2755 | D:4      | Found Kiuvuaw's Antique Weapon Shoppe.
  2758 | D:4      | XOM: 4-stop teleportation journey
  2856 | D:4      | Reached skill level 1 in Stealth
  2878 | D:4      | XOM: give mutations
  2878 | D:4      | Gained mutation: Scrolls take you longer to read. [Xom's mischief]
  2878 | D:4      | Gained mutation: You have a pair of antennae on your head. [Xom's mischief]
  2955 | D:4      | XOM: medium Conj miscast
  3109 | D:4      | XOM: smoke on damage
  3111 | D:4      | Reached XP level 6. HP: 29/41 MP: 3/6
  3247 | D:4      | XOM: stat loss: -1 Dex (16/17)
  3517 | D:4      | XOM: stat loss: -1 Int (8/9)
  3602 | D:4      | XOM: enchant monster (bad)
  3623 | D:4      | Reached skill level 5 in Polearms
  3720 | D:4      | XOM: give mutation
  3720 | D:4      | Lost mutation: You are frail. (-10% HP) [Xom's mischief]
  3824 | D:4      | XOM: noise
  3960 | D:5      | Entered Level 5 of the Dungeon
  3966 | D:5      | Gained mutation: You are partially covered in sharp spines. [demonic ancestry]
  3966 | D:5      | Reached XP level 7. HP: 52/52 MP: 7/7
  4002 | D:5      | XOM: cleaving
  4003 | D:5      | XOM: god gift: knobbly glowing staff {god gift}
  4005 | D:5      | XOM: divination: magic mapping
  4204 | D:5      | XOM: scenery: create altars
  4460 | D:5      | Found a staircase to the Ecumenical Temple.
  4464 | Temple   | Entered the Ecumenical Temple
  4490 | Temple   | XOM: god gift: 4 meat rations
  4620 | D:5      | Reached skill level 6 in Polearms
  4724 | D:5      | XOM: god gift: book of Callings
  4800 | D:5      | Reached XP level 8. HP: 60/60 MP: 8/8
  4855 | D:5      | XOM: 5-stop teleportation journey
  5157 | D:5      | XOM: scenery: create altars
  5161 | D:5      | XOM: confuse monster(s)
  5245 | D:5      | Learned a level 1 spell: Summon Small Mammal
  5280 | D:6      | Found a radiant altar of Vehumet.
  5293 | D:6      | XOM: scenery: create altars
  5321 | D:6      | XOM: summons 3 friendly demons
  5368 | D:6      | XOM: 7-stop teleportation journey
  5533 | D:6      | XOM: divination: detect items
  5627 | D:6      | XOM: summons 8 friendly demons
  5807 | D:6      | Identified Xom's Tome of Poor Excuses (Xom gifted it to you on level 6 of the Dungeon)
  5807 | D:6      | XOM: god gift: Xom's Tome of Poor Excuses
  5817 | D:6      | XOM: mild Chrm miscast
  6036 | D:6      | XOM: scenery: create altars
  6152 | D:6      | XOM: medium Air miscast
  6252 | D:7      | XOM: potion effect (agility)
  6252 | D:7      | Reached skill level 1 in Evocations
  6353 | D:7      | Noticed a troll
  6358 | D:7      | XOM: potion effect (haste)
  6363 | D:7      | XOM: mild Divn miscast
  6406 | D:7      | XOM: confusion
  6413 | D:7      | Reached XP level 9. HP: 62/66 MP: 7/9
  6423 | D:7      | Reached skill level 7 in Polearms
  6520 | D:6      | Noticed a hill giant
  6525 | D:6      | XOM: summons 3 hostile shadow creatures
  6529 | D:6      | XOM: severe Pois miscast
  6533 | D:6      | Killed a hill giant
  6533 | D:6      | Reached skill level 5 in Fighting
  6533 | D:6      | Reached skill level 5 in Dodging
  6544 | D:6      | HP: 3/68 [orc wizard/exploding inner flame[the player character] (35)]
  6544 | D:6      | XOM: divine lightning (protected)
  6687 | D:6      | XOM: mild Pois miscast
  6906 | D:7      | Learned a level 1 spell: Freeze
  7103 | D:7      | Reached skill level 8 in Polearms
  7157 | D:7      | XOM is BORED!
  7157 | D:7      | XOM: mild Chrm miscast
  7300 | D:7      | Noticed a yaktaur
  7300 | D:7      | a troll changed into a yaktaur
  7300 | D:7      | XOM: polymorph troll -> yaktaur
  7309 | D:7      | Killed a yaktaur
  7338 | D:7      | XOM: harmless Ice miscast
  7378 | D:7      | XOM: give mutations
  7378 | D:7      | Gained mutation: You are somewhat resistant to further mutation. [Xom's grace]
  7378 | D:7      | Gained mutation: You have an increased reservoir of magic. (+10% MP) [Xom's grace]
  7442 | D:8      | Found a staircase to the Lair.
  7539 | D:8      | Reached XP level 10. HP: 73/76 MP: 12/12
  7544 | D:8      | Gained mutation: Your spells are a little easier to cast, but a little less powerful. [mutagenic meat]
  7546 | D:8      | Gained mutation: You are robust. (+10% HP) [mutagenic meat]
  7610 | D:8      | Got a clouded granite ring
  7612 | D:8      | Identified the ring "Veggis" {Wiz MR+} (You found it on level 8 of the Dungeon)
  7670 | D:8      | Noticed Grum
  7739 | D:8      | Noticed Prince Ribbit
  7743 | D:8      | Noticed Prince Ribbit
  7743 | D:8      | Prince Ribbit changed into Prince Ribbit the troll
  7758 | D:8      | Killed Prince Ribbit the troll
  7788 | D:8      | XOM: cast spell 'Summon Butterflies'
  7803 | D:8      | Killed Grum
  7810 | D:8      | Reached skill level 5 in Armour
  7810 | D:8      | Reached skill level 5 in Stealth
  7875 | D:8      | XOM: mild Air miscast
  8104 | D:8      | XOM: mild Hex miscast
  8128 | D:8      | XOM: harmless Tloc miscast
  8179 | Lair:1   | Entered Level 1 of the Lair of Beasts
  8310 | Lair:1   | XOM: snakes to sticks
  8454 | Lair:1   | HP: 6/124 [komodo dragon (10)]
  8457 | Lair:1   | Slain by a komodo dragon

Skill      XL: |  1  2  3  4  5  6  7  8  9 10 |
---------------+-------------------------------+-----
Dodging        | 3 4 5 |  5.8
Throwing       | 2 3 |  3.8
Polearms       | 3 4 5 6 8 |  8.7
Armour         | 1 2 4 5 |  5.0
Stealth        | 1 3 4 5 |  5.2
Fighting       | 3 4 5 |  5.9
Evocations     | 1 2 |  2.2
Spellcasting   | |  0.6
Ice Magic      | |  0.3

Action                   |  1- 3 |  4- 6 |  7- 9 | 10-12 || total
-------------------------+-------+-------+-------+-------++-------
Melee: Trident           |   121 |   323 |    42 |       ||   486
       Spear             |       |       |   321 |    71 ||   392
Throw: Throwing net      |     2 |       |     2 |     1 ||     5
       Stone             |    29 |    20 |    35 |     1 ||    85
 Cast: Freeze            |       |       |     2 |       ||     2
Evoke: Wand              |       |     1 |     6 |     3 ||    10
  Use: Potion            |     5 |       |    10 |     3 ||    18
       Scroll            |     6 |     9 |    13 |     5 ||    33
 Stab: Sleeping          |     5 |     3 |     7 |     2 ||    17
       Confused          |       |     1 |       |       ||     1
       Distracted        |       |       |     2 |       ||     2
       Held in net/web   |       |       |       |     2 ||     2
  Eat: Chunk             |     1 |     9 |    11 |     7 ||    28
       Pizza             |       |       |     2 |       ||     2
       Royal jelly       |       |       |       |     1 ||     1
Armor: Leather armour    |    41 |   150 |    47 |       ||   238
       Ring mail         |       |       |     4 |       ||     4
       Troll leather arm |       |       |     1 |     5 ||     6
       Skin              |       |       |       |     7 ||     7
Dodge: Dodged            |    90 |   261 |   207 |    42 ||   600
